 Dungeon Sprint DCSS version 0.30-a0-475-g03497ec522 (webtiles) character file.

Game seed: 7082400797358620441

265 rocky1 the Carver (level 6, -6/44 HPs)
             Began as a Merfolk Gladiator on Dec 20, 2022.
             Was an Initiate of Gozag.
             Mangled by a spatial vortex (17 damage)
             ... in the Dungeon (Sprint III: "The Ten Rune Challenge").
             The game lasted 00:01:30 (290 turns).

rocky1 the Carver (Merfolk Gladiator)                Turns: 290, Time: 00:01:31

Health: -6/44      AC:  4    Str: 14    XL:     6   Next: 20%
Magic:  6/6        EV: 13    Int:  8    God:    Gozag
Gold:   29         SH:  0    Dex: 17    Spells: 5/5 levels left

rFire   . . .      SeeInvis .    a - +0 long sword
rCold   . . .      Faith    .    (no shield)
rNeg    . . .      Spirit   .    b - +0 leather armour
rPois   .          Reflect  .    c - +0 helmet
rElec   .          Harm     .    (no cloak)
rCorr   .          Rampage  .    (no gloves)
Will    .....      NoTele   +    (no boots)
Stlth   +.........               (no amulet)
HPRegen 0.27/turn                (no ring)
MPRegen 0.10/turn                (no ring)

@: hasted, very quick
A: (nimble swimmer 2), mertail
a: Renounce Religion, Potion Petition, Call Merchant, Bribe Branch


You were in the Dungeon.
You worshipped Gozag.
Gozag was noncommittal.
You visited 1 branch You collected 29 gold pieces.

Inventory:

Hand Weapons
 a - a +0 long sword (weapon)
Missiles
 d - a throwing net (quivered)
 e - a javelin
Armour
 b - a +0 leather armour (worn)
 c - a +0 helmet (worn)
Scrolls
 k - a scroll of blinking
 l - a scroll of vulnerability {unknown}
 n - a scroll of immolation {unknown}
 o - a scroll of poison {unknown}
 q - a scroll of torment {unknown}
 r - a scroll of identify {unknown}
Potions
 f - a potion of curing
 g - a potion of heal wounds
 h - a potion of haste
 i - 4 potions of magic
 m - 2 potions of mutation {unknown}
 p - 2 potions of attraction {unknown}
 s - a potion of invisibility {unknown}
Miscellaneous
 j - a condenser vane


   Skills:
 + Level 2.1 Fighting
 + Level 14.9 Long Blades
 - Level 2.0 Throwing
 + Level 0.0 Armour
 + Level 4.0 Dodging
 + Level 0.0 Stealth
 + Level 0.0 Evocations


You had 5 spell levels left.
You didn't know any spells.
Your spell library was empty.

Dungeon Overview and Level Annotations

Branches:
Dungeon (1/1)

Altars:
Cheibriados
Fedhas
Gozag
Hepliaklqana
Makhleb
Nemelex Xobeh
Qazlal
Xom
Jiyva
Lugonu


Innate Abilities, Weirdness & Mutations

((You are very nimble when in or above water. (Stealth+, EV+, Speed+++)))
Your lower body shifts to a powerful aquatic tail in water.


Message History

The jelly hits you.
You are splashed with acid.
There is an open door here.
You hit the jelly.
Your hands burn!
The jelly is moderately wounded.
The jelly barely misses you.
You hit the jelly.
Your hands burn!
The jelly is moderately wounded.
You hit the jelly.
Your hands burn!
The jelly is heavily wounded.
You slash the jelly!
You kill the jelly!
You open the door.
Found five altars.
A spatial vortex comes into view.
Found a condenser vane.
Found five altars.
There is an open door here.
There is a blossoming altar of Fedhas here.
There is a snail-covered altar of Cheibriados here.
There is a hazy altar of Hepliaklqana here.
There is an opulent altar of Gozag here.
You kneel at the altar of Gozag.
Gozag welcomes you!
Gozag waives the service fee.
There is a sparkling altar of Nemelex Xobeh here.
You see here a condenser vane.
j - a condenser vane
There is a shimmering altar of Xom here.
You hit the spatial vortex.
The spatial vortex is lightly damaged.
The spatial vortex hits you!!
Ouch! That really hurt!
* * * LOW HITPOINT WARNING * * *
You are too injured to fight recklessly!
You slash the spatial vortex!
The spatial vortex is heavily damaged.
You slash the spatial vortex!
The spatial vortex is severely damaged.
The spatial vortex hits you!
You die...
Your body crumbles into a pile of gold. ....♣♣♣ ♣.# $$$$$ ......♣ ♣.# $ $ ....~.♣♣♣♣.###+#+###+## ...~~.♣..♣.#..........#$ ..~~~~.♣♣..'.⌠........# $ $ ..~≈≈~~~♣♣.#...######'# $$$$$$

.~~≈~~~....#.⌠.#__#...#
.~≈~~~.....#...#__#...#
.~†~.......#+###@_#...#
...........# $#v_#...+
...........# #__'...#
▓▓▓▓▓▓▓▓▓▓▓▓ ▓▓▓▓▓▓▓▓


You could see a spatial vortex.

Vanquished Creatures
  A shadow (D)
  A water elemental (D)
  A jelly (D)
  A human (D)
  A wolf (D)
  An endoplasm (D)
  3 rats (D)
9 creatures vanquished.

Notes
Turn   | Place    | Note
-------+----------+-------------------------------------------
     0 | D        | rocky1 the Merfolk Gladiator began the quest for the Orb.
     0 | D        | Reached XP level 1. HP: 16/16 MP: 1/1
     8 | D        | Reached skill level 4 in Long Blades
   110 | D        | Reached skill level 5 in Long Blades
   130 | D        | Noticed a wolf
   138 | D        | Killed a wolf
   139 | D        | Reached skill level 7 in Long Blades
   139 | D        | Reached XP level 2. HP: 22/22 MP: 2/2
   163 | D        | Reached skill level 8 in Long Blades
   163 | D        | Reached XP level 3. HP: 27/27 MP: 3/3
   206 | D        | Noticed a water elemental
   214 | D        | Killed a water elemental
   215 | D        | Reached skill level 10 in Long Blades
   215 | D        | Reached XP level 4. HP: 33/33 MP: 4/4
   256 | D        | Noticed a shadow
   265 | D        | Killed a shadow
   266 | D        | Reached skill level 14 in Long Blades
   266 | D        | Reached XP level 5. HP: 38/38 MP: 5/5
   266 | D        | Reached XP level 6. HP: 44/44 MP: 6/6
   278 | D        | Found a blossoming altar of Fedhas.
   278 | D        | Found a stormy altar of Qazlal.
   278 | D        | Found a snail-covered altar of Cheibriados.
   278 | D        | Found a burning altar of Makhleb.
   278 | D        | Found a shimmering altar of Xom.
   279 | D        | Found a hazy altar of Hepliaklqana.
   279 | D        | Found an opulent altar of Gozag.
   279 | D        | Found a sparkling altar of Nemelex Xobeh.
   279 | D        | Found a corrupted altar of Lugonu.
   279 | D        | Found a viscous altar of Jiyva.
   279 | D        | Noticed a spatial vortex
   284 | D        | Became a worshipper of Gozag Ym Sagoz the Greedy
   290 | D        | Mangled by a spatial vortex

Illustrated notes

Levels and vault maps discovered:
D:        dungeon_sprint_mu [sprint_mu_entry_forest, sprint_mu_temple_rooms,
          sprint_mu_d1_spiders, sprint_mu_d2_genie, sprint_mu_d3_branching,
          sprint_mu_orc_legion, sprint_mu_elf_gauntlet, sprint_mu_hive_nellie,
          sprint_mu_lair_fedhas, sprint_mu_vaults_butterflies,
          sprint_mu_slime_circle, sprint_mu_swamp_cave, sprint_mu_snake_twists,
          sprint_mu_blade_basic, sprint_mu_crypt_fortress,
          sprint_mu_tomb_spiral, sprint_mu_vestibule_basic,
          sprint_mu_gehenna_hellfire, sprint_mu_dis_giant,
          sprint_mu_tartarus_statrot, sprint_mu_cocytus_islands, sprint_mu_zot1]

Skill      XL: |  1  2  3  4 |
---------------+-------------+-----
Long Blades    | 7 8 10 14 | 14.9
Fighting       | |  2.1
Throwing       | |  2.0
Dodging        | |  4.0

Action                   |  1- 3 |  4- 6 || total
-------------------------+-------+-------++-------
Melee: Long sword        |    37 |    14 ||    51
       Tailslap          |     2 |       ||     2
Throw: Throwing net      |     3 |       ||     3
  Use: Potion            |     1 |     1 ||     2
 Stab: Sleeping          |     1 |       ||     1
Armor: Leather armour    |     5 |     1 ||     6
Dodge: Dodged            |    18 |     3 ||    21

Table legend: (Time is in decaauts)
 A = Elapsed time spent in this place.
 B = Non-inter-level travel time spent in this place.
 C = Inter-level travel time spent in this place.
 D = Time resting spent in this place.
 E = Time spent auto-exploring this place.
 F = Levels seen in this place.
 G = Mean time per level.
                   A        B        C        D        E       F      G
               +--------+--------+--------+--------+--------+-----+--------+
         Total |    285 |    285 |      0 |    131 |      0 |   1 |  285.0 |
       Dungeon |    285 |    285 |      0 |    131 |      0 |   1 |  285.0 |
               +--------+--------+--------+--------+--------+-----+--------+

Top non-repeatable levels by time:
       D: 285 daAuts
